 Dungeon Crawl Stone Soup version 0.21.0-3-g78d12a8bdd (webtiles) character file.

7193 NullDivider the Covert (level 11, -19/81 HPs)
             Began as an Octopode Artificer on Jan 11, 2018.
             Was an Elder of Nemelex Xobeh.
             Killed from afar by a wretched star (22 damage)
             ... with an orb of energy
             ... on level 2 of the Abyss on Jan 12, 2018.
             The game lasted 01:14:02 (10856 turns).

NullDivider the Covert (Octopode Artificer)        Turns: 10856, Time: 01:14:05

Health: -19/81     AC: -1    Str: 11    XL:     11   Next: 11%
Magic:  16/16      EV: 20    Int: 11    God:    Nemelex Xobeh [****..]
Gold:   1237       SH:  0    Dex: 17    Spells: 10/10 levels left

rFire    . . .     SeeInvis +   C - +2 dagger (elec)
rCold    . . .     Gourm    .   (no shield)
rNeg     . . .     Faith    .   (helmet restricted)
rPois    .         Spirit   .   s - amulet of regeneration
rElec    +         Reflect  .   i - ring of see invisible
rCorr    .         Harm     .   e - ring of wizardry
MR       +++..                  t - ring of the Bouncing Wars {rElec MR+++ AC-2 Int-2 Slay+6}
Stlth    ++++++....             (no ring)
HPRegen  0.63/turn              (no ring)
MPRegen  0.15/turn              (no ring)
                                (no ring)
                                (no ring)

@: no status effects
A: almost no armour, stealthy swim, amphibious, 8 rings, constrict 8, beak,
camouflage 1, sense surroundings 1, robust 1, gelatinous body 1, evolution 1
a: Triple Draw, Deal Four, Renounce Religion


You were on level 2 of the Abyss.
You worshipped Nemelex Xobeh.
Nemelex Xobeh was greatly pleased with you.
You were very hungry.

You visited 2 branches of the dungeon, and saw 10 of its levels.
You visited the Abyss 1 time.
You also visited: Bailey.

You collected 1237 gold pieces.

Inventory:

Hand Weapons
 x - a +1 dagger of speed
 A - the +4 scimitar "Ziask" {freeze, +Blink rC+ rN+ Str+3 Int-2}
   (You found it on level 7 of the Dungeon)

   It has been specially enchanted to freeze those struck by it, causing extra
   injury to most foes and up to half again as much damage against particularly
   susceptible opponents.
   It can also slow down cold-blooded creatures.
   It affects your strength (+3).
   It affects your intelligence (-2).
   It protects you from cold.
   It protects you from negative energy.
   It lets you blink.
 C - a +2 dagger of electrocution (weapon)
Jewellery
 e - a ring of wizardry (right tentacle)
 i - a ring of see invisible (left tentacle)
 s - an amulet of regeneration (around mantle)
 t - the ring of the Bouncing Wars (on tentacle) {rElec MR+++ AC-2 Int-2 Slay+6}
   (You found it on level 4 of the Dungeon)

   [ring of protection]

   It affects your AC (-2).
   It affects your intelligence (-2).
   It affects your accuracy and damage with ranged weapons and melee attacks
   (+6).
   It insulates you from electricity.
   It affects your resistance to hostile enchantments.
 B - an uncursed amulet of rage
Wands
 b - a wand of flame (45)
 c - a wand of enslavement (21)
 D - a wand of polymorph (21)
Scrolls
 a - a scroll of holy word {unknown}
 g - a scroll of remove curse
 j - 7 scrolls of teleportation
 o - a scroll of magic mapping {unknown}
 p - 2 scrolls of enchant weapon {unknown}
 u - 3 scrolls of amnesia
 y - 2 scrolls of immolation {unknown}
 F - a scroll of fog {unknown}
Potions
 k - a potion of lignification {unknown}
 l - a potion of mutation
 m - 2 potions of haste {unknown}
 n - 2 potions of brilliance {unknown}
 q - a potion of degeneration {unknown}
 r - a potion of cancellation
 E - a potion of invisibility {unknown}
Books
 w - a book of Misfortune

   Spells                             Type                      Level
   a - Confusing Touch                Hexes                        1
   b - Confuse                        Hexes                        3
   c - Gell's Gravitas                Translocation                3
   d - Petrify                        Transmutation/Earth          4
   e - Metabolic Englaciation         Hexes/Ice                    5
   f - Yara's Violent Unravelling     Hexes/Transmutation          5
 G - a book of Geomancy

   Spells                             Type                      Level
   a - Sandblast                      Earth                        1
   b - Passwall                       Transmutation/Earth          2
   c - Stone Arrow                    Conjuration/Earth            3
   d - Petrify                        Transmutation/Earth          4
   e - Lee's Rapid Deconstruction     Earth                        5
Miscellaneous
 d - a plain deck of summoning {drawn: 1}
 h - a plain deck of destruction
 v - an ornate deck of escape
 H - an ornate deck of escape
Comestibles
 f - 14 rations


   Skills:
 + Level 6.5 Fighting
 + Level 6.4 Short Blades
 * Level 9.5 Dodging
 + Level 11.7 Stealth
 + Level 7.9 Evocations


You had 10 spell levels left.
You didn't know any spells.

Dungeon Overview and Level Annotations

Branches:
Dungeon (9/15)             Temple (1/1) D:4            Lair (0/6) D:8
    Orc: D:9-12

Altars:
Ashenzari
Cheibriados
Dithmenos
Elyvilon
Fedhas
Gozag
Hepliaklqana
Kikubaaqudgha
Makhleb
Nemelex Xobeh
Okawaru
Qazlal
Ru
Sif Muna
Trog
Uskayaw
Vehumet
Wu Jian
Xom
Yredelemnul
Zin
The Shining One

Shops:
D:4 [


Innate Abilities, Weirdness & Mutations

You cannot wear most types of armour.
You are very stealthy in the water. (Stealth+)
You are amphibious.
You can wear up to eight rings at the same time.
You can use your tentacles to constrict eight enemies at once.
Your skin changes colour to match your surroundings (Stealth+).
Your rubbery body absorbs attacks. (AC +1, EV +1)
You have a beak for a mouth.
You passively map a small area around you.
You are robust. (+10% HP)
You evolve.


Message History

The orb of energy hits you!
* * * LOW HITPOINT WARNING * * *
The orb of energy explodes!
NullDivider's illusion completely misses the wretched star.
Your ice beast disappears in a puff of smoke!
The wretched star glows turbulently.
The orb of energy misses you.
NullDivider's illusion closely misses the wretched star.
Your basilisk bites the wretched star.
NullDivider's illusion hits the wretched star but does no damage.
It was a potion of cancellation.
You feel magically purged.
It was a potion of mutation.
You feel extremely strange.
You feel nature experimenting on you.
Don't worry, failures die fast.
You feel a strange attunement to the structure of the dungeons.
Your mouth lengthens and hardens into a beak!
You feel robust.
The wretched star glows turbulently.
The orb of energy hits you!
You die...
Your body glows slightly and disappears.

#.# .
#.#.##.#
###.# # #.X.#
. ##.#.#
##.##*.#
###@l#...#
###.*##.....#
#.@### .#..#.
#.### #.#.#.
.. ##.#.#.
#.# #


You could see a starcursed mass, a wretched star, a friendly basilisk and the
friendly NullDivider's illusion.

Vanquished Creatures
  2 two-headed ogres
  Pikel (D:6)
  4 orc warriors (Bailey)
  A troll (D:9)
  A hippogriff (D:8)
  6 yaks
  A small abomination (Abyss:2)
  Menkaure (D:6)
  3 ice beasts
  A sky beast (D:8)
  An ogre (D:8)
  A wolf (D:9)
  2 centaurs
  2 big kobolds
  3 bullfrogs
  2 scorpions
  4 killer bees (D:8)
  3 wights (D:7)
  2 howler monkeys (D:6)
  4 crimson imps
  10 hounds
  A gnoll shaman (D:9)
  2 jellies
  3 orc priests
  3 orc wizards
  A bullfrog skeleton (D:9)
  2 centaur skeletons
  Terence (D:2)
  6 worker ants
  Natasha (D:2)
  5 iguanas
  A hound skeleton (D:6)
  A worker ant zombie (D:7)
  9 adders
  15 gnolls
  3 oozes
  An adder zombie (D:3)
  5 adder skeletons
  6 worms
  2 dart slugs (D:2)
  A leopard gecko (D:9)
  41 orcs
  4 giant cockroaches
  2 gnoll zombies (D:5)
  29 goblins
  32 hobgoblins
  20 jackals
  12 kobolds
  A quokka (D:2)
  A ball python (D:6)
  10 bats
  7 frilled lizards
  2 giant cockroach zombies
  2 jackal skeletons (D:4)
  A leopard gecko skeleton (D:2)
  A leopard gecko zombie (D:3)
  2 quokka zombies (D:3)
  8 rats
299 creatures vanquished.

Vanquished Creatures (collateral kills)
  An orc knight (Bailey)
  5 orc warriors (Bailey)
  A wight (D:7)
  An orc wizard (D:7)
  A gnoll (D:5)
  5 orcs
  2 kobolds
16 creatures vanquished.

Vanquished Creatures (others)
  An orc warrior (Bailey)
  A slave (D:6)
  A black bear (D:7)
  A human (D:3)
  A gnoll sergeant (D:9)
  A gnoll (D:5)
  An orc (D:6)
  2 starspawn tentacles (Abyss:2)
9 creatures vanquished.

Grand Total: 324 creatures vanquished

Notes
Turn   | Place    | Note
-------+----------+-------------------------------------------
     0 | D:1      | NullDivider the Octopode Artificer began the quest for the Orb.
     0 | D:1      | Reached XP level 1. HP: 13/13 MP: 3/3
   342 | D:1      | Reached skill level 2 in Stealth
   342 | D:1      | Reached XP level 2. HP: 16/18 MP: 4/4
   859 | D:2      | Found a bloodstained altar of Trog.
   896 | D:2      | Reached XP level 3. HP: 14/23 MP: 5/5
  1303 | D:2      | Reached skill level 3 in Stealth
  1420 | D:2      | Reached XP level 4. HP: 26/28 MP: 6/6
  1702 | D:2      | Noticed Natasha
  1711 | D:2      | Killed Natasha
  2180 | D:2      | Noticed Terence
  2188 | D:2      | Killed Terence
  2188 | D:2      | Reached skill level 4 in Stealth
  2188 | D:2      | Reached XP level 5. HP: 32/34 MP: 7/7
  3048 | D:3      | Found an ancient bone altar of Kikubaaqudgha.
  3049 | D:3      | Noticed a human
  3051 | D:3      | Killed a human
  3449 | D:3      | Reached XP level 6. HP: 26/39 MP: 8/8
  4059 | D:4      | Reached skill level 5 in Stealth
  4545 | D:4      | Got a bound copper ring
  4615 | D:4      | Identified the cursed ring of the Bouncing Wars {rElec MR+++ AC-2 Int-2 Slay+6} (You found it on level 4 of the Dungeon)
  4619 | D:4      | Found a staircase to the Ecumenical Temple.
  4640 | Temple   | Entered the Ecumenical Temple
  4649 | Temple   | Became a worshipper of Nemelex Xobeh the Trickster
  4761 | D:4      | Received a gift from Nemelex Xobeh
  4896 | D:4      | Found Ekhluc's Armour Boutique.
  5077 | D:4      | Found a shimmering altar of Xom.
  5078 | D:4      | Found a shimmering altar of Xom.
  5102 | D:4      | Found a shimmering altar of Xom.
  5134 | D:5      | Entered Level 5 of the Dungeon
  5137 | D:5      | Found a stormy altar of Qazlal.
  5579 | D:5      | Reached XP level 7. HP: 39/45 MP: 10/10
  5711 | D:5      | Reached * piety under Nemelex Xobeh
  5976 | D:5      | Reached skill level 6 in Stealth
  6289 | D:5      | Received a gift from Nemelex Xobeh
  6292 | D:5      | Found a shattered altar of Ashenzari.
  6367 | D:5      | Found a basalt altar of Yredelemnul.
  6956 | D:6      | Noticed Menkaure
  6962 | D:6      | Killed Menkaure
  6981 | D:6      | Found a sparkling altar of Nemelex Xobeh.
  6987 | D:6      | Reached skill level 7 in Stealth
  6987 | D:6      | Reached XP level 8. HP: 46/52 MP: 11/11
  7022 | D:6      | Noticed Pikel
  7046 | D:6      | Killed Pikel
  7046 | D:6      | Reached skill level 5 in Dodging
  7046 | D:6      | Reached skill level 8 in Stealth
  7046 | D:6      | Reached skill level 5 in Evocations
  7737 | D:6      | Found a shadowy altar of Dithmenos.
  7838 | D:6      | Found a glowing silver altar of Zin.
  7838 | D:6      | Found an opulent altar of Gozag.
  8003 | D:7      | Reached XP level 9. HP: 58/58 MP: 13/13
  8030 | D:7      | Received a gift from Nemelex Xobeh
  8059 | D:7      | Reached skill level 9 in Stealth
  8215 | D:7      | Reached ** piety under Nemelex Xobeh
  8283 | D:7      | Found a white marble altar of Elyvilon.
  8284 | D:7      | Found a glowing golden altar of the Shining One.
  8318 | D:7      | Found a glowing silver altar of Zin.
  8625 | D:7      | Got an ancient scimitar
  8626 | D:7      | Identified the +4 scimitar "Ziask" {freeze, +Blink rC+ rN+ Str+3 Int-2} (You found it on level 7 of the Dungeon)
  8746 | D:8      | Noticed a two-headed ogre
  8765 | D:8      | Killed a two-headed ogre
  8765 | D:8      | Reached skill level 5 in Fighting
  8765 | D:8      | Reached skill level 5 in Short Blades
  8765 | D:8      | Reached skill level 10 in Stealth
  8786 | D:8      | Reached XP level 10. HP: 43/66 MP: 14/14
  8905 | D:8      | Found a flagged portal.
  8916 | Bailey   | Entered a bailey
  8993 | Bailey   | HP: 2/66 [orc warrior/halberd (20)]
  9169 | Bailey   | Noticed an orc knight
  9199 | Bailey   | Killed an orc knight
  9199 | Bailey   | Reached skill level 11 in Stealth
  9452 | D:8      | Received a gift from Nemelex Xobeh
  9551 | D:8      | Found a staircase to the Lair.
  9704 | D:9      | Noticed a two-headed ogre
  9708 | D:9      | Killed a two-headed ogre
  9855 | D:9      | Reached *** piety under Nemelex Xobeh
 10152 | D:9      | Found a blossoming altar of Fedhas.
 10199 | D:8      | Reached XP level 11. HP: 44/73 MP: 16/16
 10545 | D:9      | Cast into level 2 of the Abyss (gnoll sergeant)
 10553 | Abyss:2  | Noticed a tentacled starspawn
 10553 | Abyss:2  | Noticed a blizzard demon
 10557 | Abyss:2  | Received a gift from Nemelex Xobeh
 10616 | Abyss:2  | Noticed a thrashing horror
 10633 | Abyss:2  | Noticed a worldbinder
 10639 | Abyss:2  | Noticed a large abomination
 10664 | Abyss:2  | Noticed a cacodemon
 10691 | Abyss:2  | Noticed a large abomination
 10704 | Abyss:2  | Noticed a sixfirhy
 10726 | Abyss:2  | Noticed a wretched star
 10728 | Abyss:2  | Noticed a starcursed mass
 10731 | Abyss:2  | Received a gift from Nemelex Xobeh
 10748 | Abyss:2  | Reached **** piety under Nemelex Xobeh
 10750 | Abyss:2  | Noticed a glowing orange brain
 10754 | Abyss:2  | Noticed a large abomination
 10774 | Abyss:2  | Noticed a tentacled starspawn
 10801 | Abyss:2  | Noticed a starcursed mass
 10845 | Abyss:2  | Noticed a wretched star
 10852 | Abyss:2  | HP: 1/74 [wretched star/orb of energy (21)]
 10856 | Abyss:2  | Gained mutation: You evolve. [potion of mutation]
 10856 | Abyss:2  | Gained mutation: You passively map a small area around you. [potion of mutation]
 10856 | Abyss:2  | Gained mutation: You have a beak for a mouth. [potion of mutation]
 10856 | Abyss:2  | Gained mutation: You are robust. (+10% HP) [potion of mutation]
 10856 | Abyss:2  | Killed from afar by a wretched star

Skill      XL: |  1  2  3  4  5  6  7  8  9 10 |
---------------+-------------------------------+-----
Stealth        | 2 3 4 5 7 8 10 11 | 11.7
Dodging        | 3 4 6 7 9 |  9.5
Short Blades   | 2 3 4 5 6 |  6.4
Fighting       | 2 3 4 5 6 |  6.5
Evocations     | 4 5 6 7 |  7.9

Action                   |  1- 3 |  4- 6 |  7- 9 | 10-12 || total
-------------------------+-------+-------+-------+-------++-------
Melee: Short sword       |    74 |   204 |   115 |       ||   393
       Constrict         |    19 |    55 |    49 |    26 ||   149
       Tentacles         |     9 |    46 |    39 |    28 ||   122
       Dagger            |       |       |    84 |   148 ||   232
Evoke: Wand              |       |       |     3 |    27 ||    30
       Deck              |       |       |     7 |     7 ||    14
  Use: Scroll            |       |     3 |     4 |     2 ||     9
       Potion            |       |       |       |     3 ||     3
 Stab: Sleeping          |     7 |    17 |    24 |     5 ||    53
       Distracted        |       |     1 |       |     1 ||     2
       Paralysed         |       |       |       |     3 ||     3
  Eat: Chunk             |     1 |    14 |    10 |     5 ||    30
Armor: Skin              |     9 |     4 |       |       ||    13
Dodge: Dodged            |    49 |    98 |   143 |   112 ||   402
